 Dungeon Crawl Stone Soup version 0.22-a0-252-gcace5d2 (webtiles) character file.

10301 KristoblXynda the Grappler (level 11, -3/92 HPs)
             Began as a Black Draconian Monk on Mar 2, 2018.
             Was a High Priest of Yredelemnul.
             Slain by a manticore (17 damage)
             ... on level 11 of the Dungeon.
             The game lasted 00:24:54 (13428 turns).

KristoblXynda the Grappler (Black Draconian Monk)  Turns: 13428, Time: 00:24:55

Health: -3/92      AC: 10    Str: 17    XL:     11   Next: 34%
Magic:  17/17      EV: 17    Int: 14    God:    Yredelemnul [*****.]
Gold:   693        SH:  0    Dex: 13    Spells: 10/10 levels left

rFire    + . .     SeeInvis .     - Unarmed
rCold    . . .     Gourm    .   (no shield)
rNeg     . . .     Faith    .   (armour unavailable)
rPois    +         Spirit   .   (helmet restricted)
rElec    +         Reflect  .   n - +2 cloak {rPois}
rCorr    .         Harm     .   (no gloves)
MR       .....                  (no boots)
Stlth    ++........             (no amulet)
HPRegen  0.25/turn              D - +3 ring of strength
MPRegen  0.15/turn              t - ring of protection from fire

@: no status effects
A: breathe lightning, unfitting armour, electricity resistance, cold-blooded, AC
+7
a: Breathe Lightning, Recall Undead Slaves, Injury Mirror, Animate Dead, Drain
Life, Enslave Soul, Renounce Religion


You were on level 11 of the Dungeon.
You worshipped Yredelemnul.
Yredelemnul was extremely pleased with you.
You were not hungry.

You visited 2 branches of the dungeon, and saw 12 of its levels.

You collected 693 gold pieces.

Inventory:

Hand Weapons
 y - a +3 long sword
Missiles
 j - 4 throwing nets (quivered)
Armour
 n - a +2 cloak of poison resistance (worn)
Jewellery
 t - a ring of protection from fire (right hand)
 B - an uncursed ring of flight
 D - a +3 ring of strength (left hand)
 G - the ring "Vuohaeme" {*Slow rElec rN+++ MR- Str-3}
   (You found it on level 9 of the Dungeon)

   [ring of strength]

   It affects your strength (-3).
   It insulates you from electricity.
   It renders you almost immune to negative energy.
   It affects your resistance to hostile enchantments.
   It may slow you when you take damage.
 I - an uncursed ring of see invisible {unknown}
Wands
 b - a wand of clouds (4)
 c - a wand of digging (16)
 s - a wand of scattershot (2)
 C - a wand of iceblast (6)
 J - a wand of disintegration (6)
Scrolls
 d - 2 scrolls of fog
 e - 2 scrolls of immolation
 f - 2 scrolls of blinking
 i - 3 scrolls of amnesia
 k - 2 scrolls of enchant armour
 w - 3 scrolls of teleportation
 x - a scroll of remove curse
 H - 2 scrolls of fear
Potions
 g - 2 potions of mutation
 h - 3 potions of brilliance
 l - 2 potions of might
 m - 2 potions of haste
 o - a potion of invisibility
 p - a potion of flight
 q - a potion of berserk rage {unknown}
 r - a potion of resistance {unknown}
 u - 3 potions of agility
 z - a potion of lignification
 A - a potion of curing
 E - a potion of magic
Comestibles
 a - 15 rations


   Skills:
 + Level 7.2 Fighting
 + Level 9.1 Dodging
 - Level 1.7 Stealth
 + Level 12.0 Unarmed Combat
 + Level 8.5 Invocations


You had 10 spell levels left.
You didn't know any spells.

Dungeon Overview and Level Annotations

Branches:
Dungeon (11/15)            Temple (1/1) D:4            Lair (0/6) D:8
    Orc: D:9-12

Altars:
Ashenzari
Cheibriados
Dithmenos
Elyvilon
Fedhas
Gozag
Hepliaklqana
Kikubaaqudgha
Makhleb
Nemelex Xobeh
Okawaru
Qazlal
Ru
Sif Muna
Trog
Uskayaw
Vehumet
Wu Jian
Xom
Yredelemnul
Zin
The Shining One

Shops:
D:6 %   D:8 (

Annotations:
D:3 DEFE's ghost, weakling DsFi
D:11 2 runed doors, Erolcha


Innate Abilities, Weirdness & Mutations

You can breathe wild blasts of lightning.
Your glossy black scales are hard. (AC +7)
You cannot fit into any form of body armour.
You are resistant to electric shocks. (rElec)
You are cold-blooded and may be slowed by cold attacks.


Message History

The manticore misses you. The manticore claws you.
* * * LOW HITPOINT WARNING * * *
The manticore misses you.
Your flying skull barely misses Erolcha.
You hit the manticore but do no damage. You tail-slap the manticore.
The manticore is heavily wounded.
Your flying skull hits Erolcha!
The manticore bites you.
* * * LOW HITPOINT WARNING * * *
The manticore misses you. The manticore claws you.
* * * LOW HITPOINT WARNING * * *
Unknown command.
Evoke which item? (* to show all) (? for menu, Esc to quit)
Aiming: Disintegrate
Press: ? - help, Shift-Dir - straight line, f - manticore, p - Erolcha
Aim: a manticore (heavily wounded, chance to defeat MR: 48%)
The manticore is blasted.
Erolcha casts a spell.
Erolcha blinks!
The manticore bites you!
You die...
Your body rises from the dead as a mindless zombie.

##.....###...### ***
#...###.Z.### **
**,**** ##..#.ZZ###
,****,,,,,**
##...###
*,,,,,,,,,,***
##..##
**,,,,,,,.,,,**
#.###
*,,,,,,,,...,,* ##.#
*,,,,,,,,.....###.##
*,,,,,,,,......H@Z#
,,,,,,,,,....###.##
,,,,,,,,,.,,,* ##Z**
,,,,,,,,,,,,**
**.z** ,,,,,,,,,,,,*
**,ยง.Z***
,,,,,,,,,,,,*
*,,....,**
***,,,,,*****
*,,..###,* *******
***### ***


You could see a manticore, a friendly flying skull, a friendly crocodile zombie,
a friendly eight-headed hydra zombie and a friendly orc zombie.

Vanquished Creatures
  A two-headed ogre (D:9)
  An ugly thing (D:9)
  A kobold demonologist (D:11)
  2 trolls
  A wyvern (D:9)
  2 yaks (D:11)
  2 vampire mosquitoes (D:11)
  4 orc warriors
  An ice beast (D:11)
  A hornet zombie (D:8)
  2 phantoms
  4 centaurs
  3 wolves (D:8)
  2 necrophages
  4 ogres
  2 crocodiles
  3 big kobolds
  5 bullfrogs
  5 scorpions
  A water moccasin skeleton (D:9)
  5 wights
  A howler monkey (D:6)
  3 crimson imps
  2 jellies
  9 hounds
  A bullfrog skeleton (D:9)
  6 orc priests
  Crazy Yiuf (D:7)
  2 centaur skeletons
  4 iguanas
  5 worker ants
  10 orc wizards
  A hound skeleton (D:6)
  A worker ant zombie (D:5)
  Robin (D:3)
  A mummy (D:5)
  7 gnolls
  9 adders
  2 shadow imps (D:5)
  5 oozes
  An adder skeleton (D:8)
  5 worms
  3 dart slugs
  5 leopard geckos
  32 orcs
  A ball python (D:3)
  11 bats
  5 giant cockroaches
  10 goblins
  11 hobgoblins
  12 jackals
  16 kobolds
  5 quokkas
  3 frilled lizards
  A giant cockroach zombie (D:5)
  A jackal zombie (D:7)
  A quokka zombie (D:7)
  9 rats
255 creatures vanquished.

Vanquished Creatures (collateral kills)
  3 hydras
  A manticore (D:11)
  A kobold demonologist (D:11)
  A hornet (D:11)
  A hippogriff (D:9)
  2 wraiths (D:11)
  A wyvern (D:11)
  2 yaks (D:11)
  An ice beast (D:9)
  An orc warrior (D:11)
  A centaur (D:9)
  An ogre (D:10)
  A big kobold (D:9)
  2 bullfrogs
  5 killer bees (D:8)
  2 wights
  A howler monkey (D:11)
  3 electric eels (D:8)
  A crimson imp (D:11)
  2 centaur zombies (D:9)
  2 jellies (D:8)
  A hound (D:11)
  2 hound skeletons
  An adder (D:11)
  2 shadow imps (D:9)
  2 oozes (D:8)
  4 orcs
  2 jackals (D:8)
  4 kobolds
  3 rats (D:9)
  A spectral quokka (D:9)
57 creatures vanquished.

Vanquished Creatures (others)
  2 flying skulls (D:11)
  A wraith (D:11)
  A wyvern skeleton (D:11)
  A yak skeleton (D:11)
  2 big kobold zombies (D:11)
  A hound zombie (D:11)
  A howler monkey zombie (D:11)
  2 kobold zombies (D:11)
  2 orc zombies
13 creatures vanquished.

Grand Total: 325 creatures vanquished

Notes
Turn   | Place    | Note
-------+----------+-------------------------------------------
     0 | D:1      | KristoblXynda the Draconian Monk began the quest for the Orb.
     0 | D:1      | Reached XP level 1. HP: 19/19 MP: 1/1
   214 | D:1      | Reached XP level 2. HP: 25/26 MP: 2/2
   879 | D:2      | Reached XP level 3. HP: 14/31 MP: 3/3
   881 | D:2      | Reached skill level 4 in Unarmed Combat
  1619 | D:2      | Reached XP level 4. HP: 24/38 MP: 4/4
  2055 | D:2      | Found a shimmering altar of Xom.
  2373 | D:3      | Noticed a phantom
  2829 | D:3      | Noticed Robin
  2844 | D:3      | Reached XP level 5. HP: 38/45 MP: 5/5
  2852 | D:3      | Reached skill level 5 in Unarmed Combat
  2861 | D:3      | Killed Robin
  3141 | D:3      | Found a blossoming altar of Fedhas.
  3203 | D:3      | Killed a phantom
  3223 | D:3      | Noticed DEFE's ghost (weakling DsFi)
  3283 | D:3      | Found a shimmering altar of Xom.
  3300 | D:3      | Reached XP level 6. HP: 42/51 MP: 6/6
  3366 | D:4      | Reached skill level 6 in Unarmed Combat
  3898 | D:4      | Found a radiant altar of Vehumet.
  4265 | D:4      | Found a staircase to the Ecumenical Temple.
  4274 | Temple   | Entered the Ecumenical Temple
  4409 | Temple   | Became a worshipper of Yredelemnul the Dark
  4409 | Temple   | Reached * piety under Yredelemnul
  4409 | Temple   | Reached ** piety under Yredelemnul
  4642 | D:5      | Entered Level 5 of the Dungeon
  4656 | D:5      | Your scales start taking on a glossy black colour.
  4656 | D:5      | Reached XP level 7. HP: 17/57 MP: 7/7
  4656 | D:5      | Gained mutation: You are resistant to electric shocks. (rElec) [Black Draconian growth]
  4663 | D:5      | Reached skill level 7 in Unarmed Combat
  4933 | D:5      | Found a snail-covered altar of Cheibriados.
  4998 | D:5      | Reached skill level 5 in Dodging
  5409 | D:5      | Reached skill level 8 in Unarmed Combat
  5709 | D:6      | Reached XP level 8. HP: 33/63 MP: 8/8
  5732 | D:6      | Reached skill level 1 in Invocations
  6063 | D:6      | Found Ixtaperauh's Food Boutique.
  6709 | D:6      | Found a burning altar of Makhleb.
  6798 | D:7      | Reached skill level 9 in Unarmed Combat
  6801 | D:7      | Reached *** piety under Yredelemnul
  7474 | D:7      | Found a hazy altar of Hepliaklqana.
  7493 | D:7      | Reached XP level 9. HP: 69/69 MP: 11/11
  7575 | D:7      | Found a glowing golden altar of the Shining One.
  7752 | D:7      | Found a runed door.
  7756 | D:7      | Noticed Crazy Yiuf
  7758 | D:7      | Killed Crazy Yiuf
  8055 | D:8      | Reached skill level 10 in Unarmed Combat
  8276 | D:8      | Found Tuibanogh's Antique Weapon Emporium.
  8321 | D:8      | Reached skill level 5 in Invocations
  8336 | D:8      | Noticed a troll
  8546 | D:8      | Killed a troll
  8552 | D:8      | Reached **** piety under Yredelemnul
  8552 | D:8      | Received a gift from Yredelemnul (2 flying skulls)
  8597 | D:8      | Received a gift from Yredelemnul (5 flying skulls)
  8845 | D:8      | Found a staircase to the Lair.
  8952 | D:8      | Received a gift from Yredelemnul (a wraith)
  9428 | D:9      | Noticed a moth of wrath
  9432 | D:9      | Found a bloodstained altar of Trog.
  9491 | D:9      | Noticed a troll
  9506 | D:9      | Killed a troll
  9779 | D:9      | Reached XP level 10. HP: 78/78 MP: 14/14
  9838 | D:9      | Reached skill level 11 in Unarmed Combat
  9940 | D:9      | Got a slimy iron ring
  9944 | D:9      | Identified the cursed ring "Vuohaeme" {*Slow rElec rN+++ MR- Str-3} (You found it on level 9 of the Dungeon)
 10145 | D:9      | Received a gift from Yredelemnul (a mummy)
 10169 | D:9      | Noticed a two-headed ogre
 10175 | D:9      | Killed a two-headed ogre
 10175 | D:9      | Reached skill level 5 in Fighting
 10290 | D:9      | Noticed a red ugly thing
 10302 | D:9      | Killed a red ugly thing
 10673 | D:9      | Found a shattered altar of Ashenzari.
 10717 | D:10     | Entered Level 10 of the Dungeon
 11196 | D:10     | Noticed a five-headed hydra
 11201 | D:10     | Killed a five-headed hydra
 11455 | D:10     | Received a gift from Yredelemnul (3 flying skulls)
 12100 | D:11     | Found a large runed door.
 12126 | D:11     | Reached XP level 11. HP: 27/91 MP: 16/16
 12383 | D:11     | Found a large runed door.
 12485 | D:11     | Received a gift from Yredelemnul (a wraith)
 12607 | D:11     | Noticed a four-headed hydra
 12617 | D:11     | Killed a six-headed hydra
 12688 | D:11     | Reached skill level 12 in Unarmed Combat
 12928 | D:11     | Reached ***** piety under Yredelemnul
 12928 | D:11     | Received a gift from Yredelemnul (2 flying skulls)
 13044 | D:11     | Noticed an eight-headed hydra
 13048 | D:11     | HP: 3/92 [eight-headed hydra (12)]
 13052 | D:11     | Killed an eight-headed hydra
 13415 | D:11     | Noticed Erolcha
 13428 | D:11     | Slain by a manticore

Vault maps used:
D:1:      saegor_arrival_miasma
D:2:      nicolae_overflow_hidden_temple, minmay_three_crescents
D:3:      cheibrodos_helix_gallery, fedhas_altar_fruit_tree, led_xom_imps,
          uniq_robin
D:4:      vehumet_crystals, lemuel_temple_firewalk_b, minivault_27,
          grunt_ministairs_11
D:5:      first_ration, palyth_stone_intersect, dk_noncrumbling_3,
          chei_slow_surprise
D:6:      makhleb_blood_cavern_becter, serial_shops, nicolae_shop_statue_plus,
          hangedman_abyss_or_decor_lesser_grid
D:7:      kennysheep_mini, overflow_temple_1_default, uniq_crazy_yiuf_cottage
D:8:      erik_lair_island, nicolae_ossuary_entry_plus, serial_shops,
          nicolae_shop_window_shopping, hangedman_little_slice_of_home
D:9:      lemuel_round_altar, hangedman_weighted_door, tgw_trog
D:11:     serial_column_ruins, column_ruins_square_small, column_ruins_grid_1,
          column_ruins_open_tiny, column_ruins_grid_4,
          column_ruins_columns_corner, column_ruins_grid_2,
          column_ruins_corridor_straight, jmf_multi_god_temple2, uniq_erolcha
Temple:   regret_index_temple_waves

Skill      XL: |  1  2  3  4  5  6  7  8  9 10 11 |
---------------+----------------------------------+-----
Dodging        | 3 4 5 6 7 8 9 |  9.1
Unarmed Combat | 4 5 6 8 9 10 11 12 | 12.0
Invocations    | 3 6 7 8 |  8.5
Fighting       | 4 6 7 |  7.2
Stealth        | |  1.7

Action                   |  1- 3 |  4- 6 |  7- 9 | 10-12 || total
-------------------------+-------+-------+-------+-------++-------
Melee: Unarmed           |   170 |   274 |   473 |   257 ||  1174
       Tailslap          |    16 |    31 |    76 |    49 ||   172
       Punch             |     1 |     2 |    13 |    18 ||    34
Throw: Throwing net      |       |     1 |     1 |       ||     2
Invok: Animate Dead      |       |       |     1 |    10 ||    11
 Abil: Breathe Lightning |       |       |     3 |       ||     3
Evoke: Wand              |       |       |     8 |     6 ||    14
  Use: Scroll            |       |    16 |     8 |     8 ||    32
       Potion            |       |     5 |     4 |     2 ||    11
 Stab: Sleeping          |     3 |     5 |     7 |       ||    15
       Held in net/web   |       |     1 |       |       ||     1
       Distracted        |       |       |     2 |     2 ||     4
  Eat: Chunk             |     2 |     5 |     9 |     3 ||    19
       Ration            |       |     1 |     3 |     4 ||     8
Armor: Skin              |    74 |    79 |   103 |    51 ||   307
Dodge: Dodged            |   157 |   170 |   344 |   175 ||   846

Table legend:
 A = Spawn XP
 B = Non-spawn XP
 C = Spawn XP percentage of total XP
 D = Spawn monster count
 E = Non-spawn monster count
 F = Spawn count percentage of total count
 G = Total turns spent on level
                    A         B        C        D         E        F      G
               +---------+---------+-------+---------+---------+-------+---------
         Total |       0 |   14717 |   0.0 |       0 |     312 |   0.0 | 13428
               +---------+---------+-------+---------+---------+-------+---------
           D:1 |       0 |      27 |   0.0 |       0 |      16 |   0.0 |  1090
           D:2 |       0 |      91 |   0.0 |       0 |      25 |   0.0 |  1167
           D:3 |       0 |     275 |   0.0 |       0 |      35 |   0.0 |  1104
           D:4 |       0 |     318 |   0.0 |       0 |      23 |   0.0 |  1113
           D:5 |       0 |     624 |   0.0 |       0 |      23 |   0.0 |   993
           D:6 |       0 |     701 |   0.0 |       0 |      18 |   0.0 |  1157
           D:7 |       0 |     843 |   0.0 |       0 |      23 |   0.0 |  1062
           D:8 |       0 |    2065 |   0.0 |       0 |      48 |   0.0 |  1533
           D:9 |       0 |    3112 |   0.0 |       0 |      38 |   0.0 |  1330
          D:10 |       0 |    1657 |   0.0 |       0 |      21 |   0.0 |  1070
          D:11 |       0 |    5004 |   0.0 |       0 |      42 |   0.0 |  1641
               +---------+---------+-------+---------+---------+-------+---------
